Map: Abyssal Reef LE

Players

TheoRy

  • Race: Protoss Protoss
  • Spawn Location: 5:00

Bones - Winner!

  • Race: Protoss Protoss
  • Spawn Location: 11:00

Event: WCS Montreal 2017

VOD

Have the link to the VOD?

Description

Time

  • Played on: Sept. 8, 2017, 11:52 a.m.
  • Length: 10:49

All games in this series

Show
View Real Time Build Order
Export as new Build Order

TheoRy Protoss 

Build Orders: Blink Stalkers, Zealot Archon 

Get SALT Encoding   

  12  0:01  Probe (Chrono Boost)  
  13  0:11  Probe (Chrono Boost)  
  14  0:17  Pylon  
  14  0:22  Probe (Chrono Boost)  
  15  0:35  Probe (Chrono Boost)  
  16  0:36  Gateway  
  16  0:41  Assimilator  
  16  0:46  Probe (Chrono Boost)  
  17  0:52  Assimilator  
  18  0:57  Probe (Chrono Boost)  
  18  1:06  Gateway  
  18  1:09  Probe (Chrono Boost)  
  19  1:20  Probe (Chrono Boost)  
  19  1:25  Cybernetics Core  
  20  1:30  Probe (Chrono Boost)  
  21  1:37  Pylon  
  21  1:41  Probe (Chrono Boost)  
  22  1:51  Probe (Chrono Boost)  
  23  1:59  Pylon  
  23  2:02  Probe (Chrono Boost), Warp Gate (Chrono Boost)  
  24  2:09  Adept  
  24  2:13  Adept  
  28  2:25  Twilight Council  
  28  2:31  Mothership Core (Chrono Boost)  
  30  2:39  Stalker  
  32  2:50  Pylon  
  32  3:00  Probe  
  33  3:26  Nexus  
  33  3:32  Sentry  
  33  3:33  Probe  
  36  3:40  Stalker  
  38  3:45  Probe, Blink (Chrono Boost)  
  37  3:51  Pylon  
  37  3:54  Pylon  
  35  4:05  Probe  
  36  4:16  Stalker  
  38  4:17  Probe  
  38  4:18  Stalker  
  41  4:30  Probe  
  42  4:37  Probe  
  43  4:42  Probe, Stalker  
  43  4:43  Stalker  
  48  4:53  Probe  
  48  4:54  Probe  
  47  5:05  Pylon  
  47  5:06  Probe  
  48  5:07  Probe  
  49  5:19  Pylon  
  50  5:21  Probe  
  50  5:28  Nexus  
  50  5:33  Pylon  
  50  5:34  Probe, Templar Archives  
  50  5:35  Probe  
  52  5:43  Stalker  
  52  5:46  Probe  
  55  5:51  Probe  
  53  5:58  Probe  
  53  6:02  Probe  
  53  6:03  Gateway  
  55  6:04  Gateway  
  55  6:10  Probe, Charge (Chrono Boost)  
  55  6:13  Probe  
  56  6:22  Probe  
  56  6:23  Probe  
  58  6:26  Assimilator  
  58  6:28  Assimilator  
  58  6:34  Probe x2  
  60  6:44  Probe  
  60  6:45  Gateway  
  60  6:47  Probe, Robotics Facility  
  62  6:48  Gateway  
  62  6:52  Probe  
  62  6:53  Sentry x2  
  67  6:55  Probe  
  67  6:58  Gateway  
  67  7:00  Forge  
  68  7:03  High Templar x2  
  68  7:05  Probe  
  73  7:09  Archon  
  73  7:10  Probe  
  73  7:13  Pylon  
  72  7:17  High Templar x2  
  72  7:19  Probe  
  72  7:21  Probe  
  77  7:26  Pylon  
  78  7:36  Immortal  
  78  7:37  Archon  
  78  7:41  High Templar  
  78  7:43  Photon Cannon  
  80  7:44  Pylon  
  78  7:52  Probe, Pylon  
  78  7:55  High Templar, Zealot x3  
  78  7:56  Zealot  
  87  8:01  Probe  
  87  8:04  Archon  
  88  8:08  Protoss Ground Armor Level 1, Gateway x2  
  88  8:15  Zealot x3, Archon  
  88  8:16  Archon  
  94  8:22  High Templar  
  96  8:30  High Templar, Zealot x2  
  96  8:33  Pylon  
  104  8:35  Archon  
  102  8:41  Pylon  
  102  8:45  Immortal  
  102  8:47  Gateway  
  104  8:49  Zealot x2  
  100  8:56  Zealot x2  
  100  9:00  Zealot  
  100  9:01  High Templar  
  94  9:08  High Templar  
  94  9:10  Zealot x2  
  94  9:12  Probe  
  94  9:17  Zealot x2, Archon  
  91  9:21  High Templar  
  97  9:33  Zealot x2  
  97  9:34  Zealot  
  97  9:37  High Templar, Zealot  
  101  9:41  Zealot  
  101  9:43  Archon  
  71  9:53  High Templar  
  71  9:55  Zealot x3  
  71  9:59  Zealot  
  80  10:02  Zealot  
  80  10:05  Zealot  
  82  10:09  High Templar  
  82  10:17  Zealot x2  
  82  10:20  High Templar, Zealot x2  
  66  10:26  Zealot x2, Archon  
  68  10:29  Probe  
  56  10:38  Zealot x3  
  53  10:42  Zealot  
  53  10:43  Zealot  
Show
View Real Time Build Order
Export as new Build Order

Bones Protoss - Winner!

Build Orders: Phoenix Opening, Archon Immortal 

Get SALT Encoding   

  12  0:01  Probe (Chrono Boost)  
  13  0:11  Probe (Chrono Boost)  
  14  0:17  Pylon  
  14  0:22  Probe (Chrono Boost)  
  16  0:35  Probe (Chrono Boost)  
  16  0:36  Gateway  
  16  0:46  Probe (Chrono Boost)  
  16  0:48  Assimilator  
  17  0:51  Assimilator  
  17  0:56  Probe (Chrono Boost)  
  18  1:07  Probe (Chrono Boost)  
  19  1:18  Probe (Chrono Boost)  
  20  1:24  Cybernetics Core  
  20  1:28  Probe (Chrono Boost)  
  21  1:38  Pylon  
  21  1:39  Probe (Chrono Boost)  
  22  1:49  Probe (Chrono Boost)  
  23  2:01  Stalker  
  23  2:02  Warp Gate (Chrono Boost)  
  23  2:03  Mothership Core (Chrono Boost)  
  27  2:20  Stargate  
  27  2:21  Probe (Chrono Boost)  
  28  2:29  Pylon  
  28  2:32  Stalker  
  28  2:34  Probe (Chrono Boost)  
  31  2:41  Gateway  
  31  2:47  Probe  
  32  3:03  Phoenix (Chrono Boost)  
  34  3:09  Robotics Facility  
  34  3:10  Probe  
  34  3:26  Phoenix (Chrono Boost)  
  35  3:28  Probe  
  36  3:47  Nexus  
  35  3:53  Pylon  
  35  3:58  Observer  
  35  4:00  Probe  
  37  4:05  Phoenix (Chrono Boost)  
  39  4:12  Probe  
  40  4:24  Probe  
  40  4:27  Immortal (Chrono Boost)  
  45  4:36  Probe  
  46  4:43  Pylon  
  46  4:58  Probe, Phoenix  
  46  4:59  Probe  
  50  5:04  Immortal (Chrono Boost)  
  54  5:09  Probe  
  54  5:14  Sentry  
  57  5:17  Probe  
  57  5:19  Probe  
  59  5:29  Probe  
  59  5:30  Probe, Assimilator  
  59  5:32  Assimilator  
  61  5:39  Pylon  
  61  5:42  Immortal (Chrono Boost)  
  65  5:43  Probe  
  65  5:44  Probe  
  67  6:01  Twilight Council  
  67  6:02  Probe  
  67  6:04  Probe, Pylon  
  69  6:16  Immortal (Chrono Boost)  
  69  6:18  Probe  
  73  6:19  Probe  
  75  6:25  Pylon  
  75  6:26  Void Ray  
  75  6:29  Probe  
  75  6:32  Probe  
  81  6:36  Pylon  
  79  6:44  Resonating Glaives (Chrono Boost)  
  79  6:45  Warp Prism  
  77  6:52  Gateway  
  79  6:59  Gateway  
  79  7:03  Gateway  
  79  7:08  Gateway  
  79  7:13  Gateway  
  79  7:16  Pylon  
  79  7:23  Templar Archives  
  79  7:31  Warp Prism  
  79  7:32  Pylon  
  77  7:42  Pylon  
  77  8:09  Adept  
  77  8:10  Adept x5  
  89  8:13  Observer  
  89  8:16  Pylon  
  89  8:33  High Templar  
  89  8:34  High Templar x3, Adept  
  93  8:35  Adept x2  
  93  8:40  Archon  
  93  8:41  Archon  
  87  8:58  Zealot x3  
  89  9:08  Zealot x2  
  89  9:09  Zealot  
  95  9:16  High Templar x2  
  93  9:19  Adept x2  
  93  9:21  Archon  
  97  9:32  Adept x2  
  97  9:33  Adept  
  99  9:41  Adept x2  
  77  9:46  Adept  
  77  9:47  Adept  
  73  9:56  Adept x3  
  79  10:02  Adept  
  79  10:03  Adept  
  79  10:08  Adept x2  
  79  10:18  Adept x3  
  73  10:26  Adept x2  
  63  10:37  Adept  
  63  10:38  Adept  
  65  10:46  Adept x3  
Tags
 
Add a new tag
Caveats
  • Supply blocks, unpowered buildings, or Contaminate may cause inaccurate times.
  • Supply counts are checked every 10 seconds.